 Seeded DCSS version 0.29-a0-668-g12ee2bf84d (webtiles) character file.

Game seed: 12781424815227474791 (custom seed)

117996 zeratav the Warrior (level 16, -4/189 (192) HPs)
             Began as an Ogre Venom Mage on June 22, 2022.
             Was the Champion of Wu Jian.
             Slain by a profane servitor
             ... wielding a +1 whip
              (14 damage)
             ... on level 1 of the Elven Halls on June 23, 2022.
             The game lasted 02:04:34 (34007 turns).

zeratav the Warrior (Ogre Venom Mage)              Turns: 34007, Time: 02:04:35

HP:   -4/189 (192)  AC: 12    Str: 31    XL:     16   Next: 75%
MP:   0/40          EV: 11    Int: 16    God:    Wu Jian [******]
Gold: 1141          SH:  0    Dex:  9    Spells: 24/29 levels left

rFire   . . .      SeeInvis +   J - +3 giant club "Skullcrusher" {speed, Str+7, mace}
rCold   . . .      Faith    .   (shield currently unavailable)
rNeg    + + .      Spirit   +   u - +4 moon troll leather armour {Spirit, Regen++ MP+5}
rPois   .          Reflect  .   (helmet restricted)
rElec   +          Harm     .   M - +1 cloak
rCorr   +          Rampage  .   (gloves unavailable)
Will    +....                   (boots unavailable)
Stlth   +.........              c - macabre finger necklace {rN+}
HPRegen 2.01/turn               h - ring of magical power
MPRegen 0.27/turn               w - ring of see invisible
                                Z - ring of Stoicism {rElec rN+ rCorr Str+2}

@: exhausted, wreathed by umbra, lightly drained
A: large, unfitting armour, tough skin 1
a: Renounce Religion, Wall Jump, Serpent's Lash, Heavenly Storm


You were on level 1 of the Elven Halls.
You worshipped Wu Jian.
Wu Jian was exalted by your worship.
You visited 6 branches of the dungeon, and saw 23 of its levels.
You visited the Abyss 1 time.

You collected 2413 gold pieces.
You spent 1272 gold pieces at shops.


Innate Abilities, Weirdness & Mutations

You are too large for most types of armour.
You have tough skin. (AC +1)


   Skills:
 - Level 20.0 Fighting
 - Level 18.0 Maces & Flails
 + Level 7.3 Throwing
 - Level 5.0 Armour
 - Level 8.0 Dodging
 - Level 1.4 Stealth
 - Level 7.0 Spellcasting
 - Level 0.8 Transmutations
 - Level 8.0 Poison Magic


You had 24 spell levels left.
You knew the following spells:

 Your Spells              Type           Power      Damage    Failure   Level
a - Sting                 Tmut/Pois      76%        1d6       2%          1
b - Olgreb's Toxic Radia  Pois           31%        N/A       4%          4

Your spell library contained the following spells:

 Spells                   Type           Power      Damage    Failure   Level
 Poisonous Vapours        Pois/Air       36%        N/A       4%          2
 Spider Form              Tmut/Pois      19%        N/A       7%          3
 Magic Dart               Conj           20%        1d4       14%         1
 Summon Small Mammal      Summ           20%        N/A       14%         1
 Mephitic Cloud           Conj/Pois/Air  14%        N/A       14%         3
 Blink                    Tloc           10%        N/A       21%         2
 Call Imp                 Summ           5%         N/A       21%         2
 Ensorcelled Hibernation  Hex/Ice        10%        N/A       21%         2
 Static Discharge         Conj/Air       5%         N/A       21%         2
 Call Canine Familiar     Summ           5%         N/A       38%         3
 Frozen Ramparts          Ice            10%        1d3       38%         3
 Inner Flame              Hex/Fire       5%         N/A       38%         3
 Lesser Beckoning         Tloc           5%         N/A       38%         3
 Portal Projectile        Hex/Tloc       10%        N/A       38%         3
 Summon Guardian Golem    Hex/Summ       5%         N/A       38%         3
 Tukima's Dance           Hex            5%         N/A       38%         3
 Corpse Rot               Necr/Pois/Air  14%        N/A       43%         4
 Ice Form                 Ice/Tmut       6%         N/A       75%         4
 Anguish                  Hex/Necr       2%         N/A       80%         4
 Cause Fear               Hex            2%         N/A       80%         4
 Summon Ice Beast         Ice/Summ       5%         N/A       80%         4
 Blade Hands              Tmut           4%         N/A       95%         5
 Fireball                 Conj/Fire      2%         3d4       98%         5
 Iskenderun's Battlesphe  Conj           5%         2d6       98%         5
 Lightning Bolt           Conj/Air       2%         1d14      98%         5
 Manifold Assault         Tloc           5%         N/A       98%         5
 Summon Mana Viper        Hex/Summ       5%         N/A       98%         5
 Conjure Ball Lightning   Conj/Air       2%         3x3d6     100%        6
 Dragon Form              Tmut           4%         N/A       100%        7
 Monstrous Menagerie      Summ           2%         N/A       100%        7
 Orb of Destruction       Conj           2%         9d5       100%        7
 Discord                  Hex            2%         N/A       100%        8
 Maxwell's Capacitive Co  Air            2%         ∞         100%        8
 Dragon's Call            Summ           2%         N/A       100%        9

Inventory:

Hand Weapons
 J - the +3 giant club "Skullcrusher" (weapon) {speed, Str+7, mace}
   (You found it on level 4 of the Lair of Beasts)

   Attacks with this weapon are significantly faster.
   Str:       It affects your strength (+7).
Missiles
 D - 5 silver javelins {throwing}
 P - 19 boomerangs {throwing}
 V - 7 large rocks {=fthrowing}
Armour
 s - an orb of light
   (You took it off an orc on level 6 of the Dungeon)
 u - the +4 moon troll leather armour (worn) {Spirit, Regen++ MP+5}
   (You found it on level 6 of the Dungeon)

   MP:        It affects your magic capacity (+5).
   Regen:     It increases your rate of health regeneration.
 M - a +1 cloak (worn)
   (You found it on level 5 of the Lair of Beasts)
Jewellery
 a - a ring of flight
   (You took it off a merfolk siren on level 1 of the Shoals)
 c - the macabre finger necklace (around neck) {rN+}
   (You bought it in a shop on level 2 of the Orcish Mines)

   [amulet of nothing]

   It enables you to equip an extra ring.
   rN:        It protects you from negative energy.
 h - a ring of magical power (left hand)
   (You found it on level 5 of the Dungeon)
 q - an amulet of magic regeneration {@e2}
   (You found it on level 3 of the Abyss)
 w - a ring of see invisible (right hand)
   (You found it on level 7 of the Dungeon)
 y - a +6 ring of intelligence
   (You found it on level 3 of the Lair of Beasts)
 E - a +6 ring of strength
   (You found it on level 5 of the Lair of Beasts)
 F - a ring of poison resistance
   (You found it on level 10 of the Dungeon)
 L - a ring of fire
   (You found it on level 4 of the Lair of Beasts)
 O - the ring of Recklessness {Will++ Dex+6}
   (You found it on level 6 of the Lair of Beasts)

   [ring of dexterity]

   Dex:       It affects your dexterity (+6).
   Will:      It greatly increases your willpower.
 S - a ring of protection from fire
   (You found it on level 11 of the Dungeon)
 U - a ring of resist corrosion
   (You found it on level 3 of the Dungeon)
 Z - the ring of Stoicism (on amulet) {rElec rN+ rCorr Str+2}
   (You bought it in a shop on level 2 of the Orcish Mines)

   [ring of resist corrosion]

   Str:       It affects your strength (+2).
   rElec:     It insulates you from electricity.
   rN:        It protects you from negative energy.
   rCorr:     It protects you from acid and corrosion.
Wands
 N - a wand of flame (6)
   (You found it on level 6 of the Lair of Beasts)
 R - a wand of charming (6)
   (You took it off a merfolk siren on level 1 of the Shoals)
Scrolls
 g - 2 scrolls of magic mapping {!r}
 j - 5 scrolls of teleportation {@r4}
 k - a scroll of identify {@r1}
 o - 4 scrolls of enchant weapon
 p - 2 scrolls of vulnerability {!r!r}
 r - a scroll of enchant armour
 v - 2 scrolls of brand weapon
 x - 2 scrolls of silence {!r}
 A - 3 scrolls of amnesia
 B - 6 scrolls of poison {!r}
 C - 2 scrolls of fear
 Y - a scroll of immolation {!r!r}
Potions
 b - 3 potions of magic
 d - 5 potions of curing {@q1}
 e - 2 potions of lignification {!q}
 f - 8 potions of might
 i - 3 potions of attraction {!q}
 n - 6 potions of mutation {!q}
 z - 2 potions of invisibility
 H - 3 potions of berserk rage {!q}
 I - 4 potions of resistance
 K - a potion of ambrosia
Miscellaneous
 G - a tin of tremorstones (1/2) {throwing}
   (You found it on level 1 of the Lair of Beasts)
 Q - a condenser vane
   (You found it on level 6 of the Lair of Beasts)

Dungeon Overview and Level Annotations

Branches:
Dungeon (12/15) Zot: 25624  Temple (1/1) D:6 Zot: 5646    Lair (6/6) D:11 Zot: 23293
 Shoals (1/4) Lair:4 Zot: 4180   Snake (0/4) Lair:2        Slime (0/5) Lair:6
    Orc (2/2) D:12 Zot: 9538     Elf (1/3) Orc:2 Zot: 4938

Altars:
Ashenzari
Cheibriados
Dithmenos
Elyvilon
Fedhas
Gozag
Hepliaklqana
Kikubaaqudgha
Makhleb
Nemelex Xobeh
Okawaru
Qazlal
Ru
Sif Muna
Trog
Uskayaw
Vehumet
Wu Jian
Xom
Yredelemnul
Zin
The Shining One

Shops:
D:4 ?   D:7 *   Orc:2 =??(!

Annotations:
D:9 exclusion: door
D:10 3 runed translucent doors, snetch's ghost, journeyman MiBe
Elf:1 Roxanne; Zenata

#......###..........#'### #.#
#....# ##...A.e...#... .... #
####'# #...###4####..# ##.. ##
#.##########4......# #.#
.#######.#.'......'.####'######.#
.'.........'......'..##......##.#
.##..###.#####..###..##......'..#
.###.# ### #....A.#...).....###..
.# #># #....@.##.##....## ### .#
#.# #..##..##'###..###≈≈≈≈
.###'## #......#...#....# ≈≈≈#
......# #...)..#........# ≈§##
......# ###.[###........# ##(
......# #⌠..))<#........# #$e
.....## #......#........#♣##..
....## #########'##...##..##+
###'##########.# #.####'##.....


You could see a profane servitor, a deep elf demonologist, a hellwing (summoned)
and a red devil (summoned).


Message History

Level annotation: Roxanne; Zenata HP[-7]
You now have 190 max hp (-2).
You take 7 damage, and now have 19/190 hp.
As you read the scroll of teleportation {@r4}, it crumbles to dust.
You feel strangely unstable.
The profane servitor hits you but does no damage.
The profane servitor hits you with a +1 whip.
* * * LOW HITPOINT WARNING * * *
You partially resist.
You feel drained.
HP[-3] MP[-1]
You now have 189 max hp (-1).
You take 3 damage, and now have 16/189 hp.
You lost 1 mp, and now have 2/40 mp.
You feel much better.
The profane servitor hits you with a +1 whip!
* * * LOW HITPOINT WARNING * * *
The profane servitor draws strength from your injuries!
The profane servitor barely misses you.
The profane servitor hits you with a +1 whip!
* * * LOW HITPOINT WARNING * * *
The profane servitor draws strength from your injuries!
The profane servitor hits you but does no damage.
HP[+10] MP[-2]
You regained 10 hp, and now have 26/189 hp.
You lost 2 mp, and now have 0/40 mp.
You feel much better.
The profane servitor hits you with a +1 whip!!
* * * LOW HITPOINT WARNING * * *
The profane servitor draws strength from your injuries!
The profane servitor barely misses you.
You feel much better.
The profane servitor hits you with a +1 whip.
* * * LOW HITPOINT WARNING * * *
The profane servitor hits you but does no damage.
The profane servitor closely misses you.
The profane servitor hits you but does no damage.
HP[+25] MP[+1]
You regained 25 hp, and now have 51/189 hp.
The tremorstone explodes into fragments!
The burst of rock shards engulfs the profane servitor but does no damage.
The burst of rock shards engulfs the deep elf demonologist!!
The burst of rock shards engulfs you!
* * * LOW HITPOINT WARNING * * *
You feel less exhausted.
Your surroundings seem slightly different.
HP[-12] MP[-1]
You take 12 damage, and now have 39/189 hp.
You lost 1 mp, and now have 0/40 mp.
HP[+2]
You regained 2 hp, and now have 41/189 hp.
The deep elf demonologist mumbles some strange words.
HP[+2] MP[+1]
You regained 2 hp, and now have 43/189 hp.
The profane servitor hits you with a +1 whip!
* * * LOW HITPOINT WARNING * * *
The profane servitor draws strength from your injuries!
The profane servitor hits you but does no damage.
HP[-9]
You take 9 damage, and now have 34/189 hp.
The profane servitor attacks as you move away!
The profane servitor hits you with a +1 whip.
* * * LOW HITPOINT WARNING * * *
The profane servitor draws strength from your injuries!
The profane servitor barely misses you.
HP[-2]
You take 2 damage, and now have 32/189 hp.
The profane servitor attacks as you move away!
The profane servitor hits you with a +1 whip!
* * * LOW HITPOINT WARNING * * *
The profane servitor draws strength from your injuries!
The profane servitor hits you but does no damage.
The deep elf demonologist casts a spell.
The profane servitor closely misses you.
The profane servitor hits you but does no damage.
HP[-13]
You take 13 damage, and now have 19/189 hp.
Your muscles tense, ready for explosive movement...
There is an open door here.
Your supernatural speed expires.
You see here a +0 long sword {long}.
There is a large open door, spattered with blood here.
HP[+2] MP[+1]
You regained 2 hp, and now have 21/189 hp.
HP[+2]
You regained 2 hp, and now have 23/189 hp.
HP[+2]
You regained 2 hp, and now have 25/189 hp.
HP[+2]
You regained 2 hp, and now have 27/189 hp.
The profane servitor attacks as you move away!
The profane servitor hits you with a +1 whip!
* * * LOW HITPOINT WARNING * * *
The profane servitor draws strength from your injuries!
The profane servitor hits you with a +1 whip.
* * * LOW HITPOINT WARNING * * *
HP[-19]
You take 19 damage, and now have 8/189 hp.
The profane servitor hits you with a +1 whip!
You die...

Skill      XL: |  1  2  3  4  5  6  7  8  9 10 11 12 13 14 15 16 |
---------------+-------------------------------------------------+-----
Poison Magic   | 3 4 5 6 7 8 |  8.0
Fighting       | 3 8 9 12 15 18 20 | 20.0
Dodging        | 4 8 |  8.0
Armour         | 2 5 |  5.0
Spellcasting   | 3 7 |  7.0
Maces & Flails | 2 6 9 13 15 17 18 | 18.0
Throwing       | 7 |  7.3
Stealth        | |  1.4
Transmutations | |  0.8

Action                   |  1- 3 |  4- 6 |  7- 9 | 10-12 | 13-15 | 16-18 || total
-------------------------+-------+-------+-------+-------+-------+-------++-------
Melee: Short sword       |    10 |   131 |    46 |       |       |       ||   187
       Unarmed           |       |     9 |    13 |       |       |       ||    22
       Spear             |       |    15 |       |       |       |       ||    15
       Punch             |       |       |     1 |       |       |       ||     1
       Mace              |       |       |   117 |   225 |       |       ||   342
       Flail             |       |       |    43 |   323 |    46 |       ||   412
       Giant club        |       |       |       |       |   976 |   338 ||  1314
 Cast: Sting             |    11 |    14 |     3 |       |       |       ||    28
       Olgreb's Toxic Ra |       |     5 |    44 |   148 |   123 |    11 ||   331
Invok: Lunge             |       |       |     5 |    15 |   107 |    37 ||   164
       Whirlwind         |       |       |     2 |    19 |    71 |    23 ||   115
       Serpent's Lash    |       |       |       |       |     1 |     4 ||     5
Evoke: Wand              |       |       |       |     2 |       |       ||     2
       Tin of tremorston |       |       |       |     1 |       |     1 ||     2
  Use: Potion            |       |     2 |     1 |     2 |     4 |     5 ||    14
       Scroll            |       |     6 |     3 |     9 |     7 |     3 ||    28
 Stab: Sleeping          |       |     3 |       |       |     1 |       ||     4
       Distracted        |       |       |       |       |     1 |     1 ||     2
Armor: Robe              |     3 |    40 |    24 |       |       |       ||    67
       Skin              |       |     7 |    10 |       |       |       ||    17
       Troll leather arm |       |       |    71 |   262 |   309 |    72 ||   714
Dodge: Dodged            |     2 |    63 |   105 |   388 |   428 |    71 ||  1057

Levels and vault maps discovered:
D:1:      zaba_arrival_water, layout_loops_ring, ebering_ecumenical_altar_webs,
          item_on_display_a
D:2:      layout_basic, interstate_on_off, hangedman_abyss_or_decor_lesser_grid,
          minmay_domino_2
D:3:      layout_loops_ring, mainiacjoe_overflow_alcove_1,
          overflow_temple_1_default, lemuel_doored_altar, gammafunk_ghost_split,
          minmay_checkerbox, uniq_sigmund, uniq_grinder
D:4:      layout_rooms, serial_shops, shop
D:5:      layout_rooms, minmay_tree_intersection, skrybe_limestone_x,
          minmay_misc_feat_square
D:6:      layout_cave_pools, temple_statues, dk_noncrumbling_3
D:7:      layout_basic, serial_shops, nicolae_shop_statue_plus, uniq_menkaure
D:8:      layout_rooms, mainiacjoe_overflow_brackets, serial_co_window_serial,
          co_window_corner_a, co_window_of_opportunity_a, co_window_paths_a,
          co_window_paths_a, co_window_paths_a, co_window_corner_a,
          co_window_paths_b, co_window_broadway_b, co_window_unsneaky_path_a,
          co_window_paths_c, co_window_4corner_a, glass_columns_a,
          glass_columns_a, glass_columns_c, glass_columns_c, glass_columns_a
D:9:      minmay_s_stair_smasher, layout_basic, nicolae_dithmenos_the_darkroom
D:10:     layout_loops_ring, jmf_multi_god_temple, ebering_ghost_rock_garden,
          uniq_joseph, uniq_grum, uniq_maurice
D:11:     layout_basic, erik_lair_dragon, serial_ice, serial_ice_b,
          serial_ice_i, serial_ice_m, serial_ice_f, serial_ice_e, serial_ice_h,
          serial_ice_o, okawaru_gym_becter
D:12:     layout_stronghold, david_orc_1_choice
Temple:   regret_index_temple_waves
Lair:1:   layout_concentric_octagons, ldierk_geyser, dpeg_stationary_puzzle,
          grunt_megastairs_1
Lair:2:   wander_river, layout_small_grid, dummy_snake_entry,
          lemuel_fruit_fields, serial_bayou_shore_a, uniq_erica, uniq_maggie
Lair:3:   layout_gridlike, serial_bayou_lake_a, serial_bayou_shore_b, uniq_sonja
Lair:4:   layout_long_grid, elwin_shoals_entry_rooms, uniq_urug
Lair:5:   layout_cave_pods, small_statue_intersection
Lair:6:   gammafunk_lair_ancient_temple, layout_misc_corridors, slime_entry_1,
          basic_altar, lemuel_fruit_fields, lemuel_fruit_fields,
          lemuel_fruit_fields
Shoals:1: layout_shoals, nicolae_shoals_undead_eyrie
Orc:1:    layout_diamond_mine
Orc:2:    st_orc_mages, layout_caves, serial_shops, shop, lightli_orcish_oven
Elf:1:    nicolae_elf_arrival_aired_out, layout_gridlike, serial_shops,
          freezing_bzr, kennysheep_underground_church, uniq_zenata, uniq_roxanne

Notes
Turn   | Place    | Note
-------+----------+-------------------------------------------
     0 | D:1      | zeratav the Ogre Venom Mage began the quest for the Orb.
     0 | D:1      | Reached XP level 1. HP: 16/16 MP: 3/3
     0 | D:1      | magus.rc [v1.9.6]
   307 | D:1      | Found a faded altar of an unknown god.
   312 | D:1      | Reached skill level 3 in Poison Magic
   351 | D:1      | Reached XP level 2. HP: 24/24 MP: 0/5
   745 | D:2      | Noticed a scorpion
   749 | D:2      | Killed a scorpion
   750 | D:2      | Reached skill level 4 in Poison Magic
   750 | D:2      | Reached XP level 3. HP: 23/31 MP: 3/6
   750 | D:2      | Reached XP level 4. HP: 29/39 MP: 3/7
  1029 | D:2      | You fall into a shaft and drop 1 floor!
  1182 | D:2      | You pick up a book of Callings and begin reading...
  1182 | D:2      | You add the spells Summon Small Mammal, Call Canine
                  | Familiar and Summon Guardian Golem to your library.
  2159 | D:3      | HP: 7/39 [poisoned by an adder]
  2160 | D:3      | HP: 3/39 [poisoned by an adder]
  2466 | D:3      | Reached skill level 5 in Poison Magic
  2466 | D:3      | Reached XP level 5. HP: 21/45 MP: 8/8
  2646 | D:3      | Learned a level 4 spell: Olgreb's Toxic Radiance
  2688 | D:3      | Found a runed translucent gate.
  2689 | D:3      | Found a runed translucent gate.
  2689 | D:3      | Found a runed translucent gate.
  2694 | D:3      | Noticed Newt's ghost (amateur DsAK)
  2703 | D:3      | Found a glowing silver altar of Zin.
  2748 | D:3      | Found a basalt altar of Yredelemnul.
  2813 | D:3      | Found an ancient bone altar of Kikubaaqudgha.
  3220 | D:4      | Noticed a phantom
  3233 | D:4      | Killed a phantom
  3234 | D:4      | Reached skill level 6 in Poison Magic
  3234 | D:4      | Reached XP level 6. HP: 53/53 MP: 9/9
  3584 | D:4      | Found Junuge's Magic Scroll Emporium.
  3592 | D:4      | Bought a scroll of identify for 22 gold pieces
  3592 | D:4      | Bought a scroll of identify for 22 gold pieces
  4027 | D:4      | Reached skill level 7 in Poison Magic
  4027 | D:4      | Reached XP level 7. HP: 31/57 MP: 7/10
  4262 | D:5      | Entered Level 5 of the Dungeon
  4275 | D:5      | Identified the +5 hunting sling of Articulation {freeze,
                  | rCorr Dex+4}
  5050 | D:5      | Reached skill level 8 in Poison Magic
  5133 | D:5      | Reached skill level 2 in Fighting
  5251 | D:5      | Reached skill level 3 in Fighting
  5534 | D:6      | Reached XP level 8. HP: 51/78 MP: 11/11
  5536 | D:6      | Reached skill level 4 in Fighting
  5541 | D:5      | HP: 17/79 [white imp/puff of frost (8)]
  5550 | D:5      | HP: 10/79 [white imp (1)]
  5552 | D:5      | HP: 2/79 [white imp (4)]
  5899 | D:6      | Reached skill level 5 in Fighting
  6097 | D:6      | Reached skill level 6 in Fighting
  6313 | D:6      | You pick up a book of Dreams and begin reading...
  6313 | D:6      | You add the spells Ensorcelled Hibernation, Spider Form and
                  | Anguish to your library.
  6368 | D:6      | Found a staircase to the Ecumenical Temple.
  6377 | Temple   | Entered the Ecumenical Temple
  6456 | Temple   | Became a worshipper of the Wu Jian Council
  6580 | D:6      | HP: 20/84 [acid (3)]
  6580 | D:6      | HP: 9/84 [acid (11)]
  6583 | D:6      | Reached skill level 7 in Fighting
  7083 | D:6      | You pick up a book of Minor Magic and begin reading...
  7083 | D:6      | You add the spells Magic Dart and Call Imp to your library.
  7258 | D:6      | Reached skill level 8 in Fighting
  7390 | D:6      | Found the +4 moon troll leather armour {Spirit, Regen++
                  | MP+5}
  7602 | D:7      | Reached skill level 2 in Dodging
  7655 | D:7      | Reached skill level 3 in Dodging
  7710 | D:7      | You pick up a book of the Spheres and begin reading...
  7710 | D:7      | You add the spells Iskenderun's Battlesphere, Fireball,
                  | Conjure Ball Lightning and Orb of Destruction to your
                  | library.
  7787 | D:7      | You pick up a book of Beasts and begin reading...
  7787 | D:7      | You add the spells Summon Ice Beast, Summon Mana Viper and
                  | Monstrous Menagerie to your library.
  7850 | D:7      | Reached skill level 4 in Dodging
  7850 | D:7      | Reached XP level 9. HP: 93/96 MP: 12/12
  8009 | D:7      | Reached skill level 5 in Dodging
  8181 | D:7      | Noticed a troll
  8210 | D:7      | Killed a troll
  8211 | D:7      | Reached skill level 6 in Dodging
  8282 | D:7      | Found Qeontuuwn's General Store.
  8322 | D:7      | Noticed Menkaure
  8343 | D:7      | Killed Menkaure
  8883 | D:8      | Reached skill level 7 in Dodging
  9179 | D:8      | Reached * piety under Wu Jian
  9180 | D:8      | Found a bloodstained altar of Trog.
  9377 | D:8      | You pick up a book of Weapons and begin reading...
  9377 | D:8      | You add the spells Tukima's Dance, Portal Projectile and
                  | Blade Hands to your library.
  9431 | D:8      | Reached skill level 8 in Dodging
  9473 | D:8      | Noticed a hornet
  9480 | D:8      | Killed a hornet
  9481 | D:8      | Reached skill level 1 in Armour
  9481 | D:8      | Reached skill level 3 in Spellcasting
  9964 | D:8      | Reached skill level 2 in Armour
  9964 | D:8      | Reached XP level 10. HP: 93/104 MP: 14/15
 10139 | D:8      | Noticed a two-headed ogre
 10297 | D:8      | Killed a two-headed ogre
 10298 | D:8      | Reached skill level 3 in Armour
 10298 | D:8      | Reached skill level 5 in Spellcasting
 10903 | D:9      | Reached skill level 6 in Spellcasting
 10910 | D:9      | Reached skill level 4 in Armour
 11088 | D:9      | You pick up a book of Lightning and begin reading...
 11088 | D:9      | You add the spells Static Discharge, Lightning Bolt and
                  | Maxwell's Capacitive Coupling to your library.
 11651 | D:9      | Reached skill level 5 in Armour
 11651 | D:9      | Reached skill level 7 in Spellcasting
 12019 | D:9      | Found a shadowy altar of Dithmenos.
 12147 | D:10     | Entered Level 10 of the Dungeon
 12166 | D:10     | Reached skill level 1 in Maces & Flails
 12349 | D:10     | Noticed a two-headed ogre
 12417 | D:10     | Killed a two-headed ogre
 12418 | D:10     | Reached skill level 9 in Fighting
 12418 | D:10     | Reached skill level 2 in Maces & Flails
 12418 | D:10     | Reached XP level 11. HP: 110/115 MP: 10/21
 12654 | D:10     | You pick up a book of Hexes and begin reading...
 12654 | D:10     | You add the spells Inner Flame, Cause Fear and Discord to
                  | your library.
 12665 | D:10     | Noticed Maurice
 12737 | D:10     | Killed Maurice
 12738 | D:10     | Reached skill level 3 in Maces & Flails
 12851 | D:10     | Noticed Grum
 12877 | D:10     | Killed Grum
 13013 | D:10     | Noticed Joseph
 13032 | D:10     | Killed Joseph
 13033 | D:10     | Reached skill level 10 in Fighting
 13152 | D:10     | Noticed a two-headed ogre
 13166 | D:10     | Reached skill level 4 in Maces & Flails
 13172 | D:10     | Killed a two-headed ogre
 13238 | D:10     | Found an opulent altar of Gozag.
 13238 | D:10     | Found a white marble altar of Elyvilon.
 13277 | D:10     | You pick up a book of Spatial Translocations and begin
                  | reading...
 13277 | D:10     | You add the spells Blink, Lesser Beckoning and Manifold
                  | Assault to your library.
 13341 | D:10     | Found a runed translucent gate.
 13341 | D:10     | Found a runed translucent gate.
 13341 | D:10     | Found a runed translucent gate.
 13341 | D:10     | Noticed snetch's ghost (journeyman MiBe)
 13692 | D:11     | Noticed a two-headed ogre
 14187 | D:11     | Reached skill level 5 in Maces & Flails
 14274 | D:11     | Reached skill level 11 in Fighting
 14446 | D:11     | Found a staircase to the Lair.
 14597 | Lair:1   | Entered Level 1 of the Lair of Beasts
 15134 | Lair:1   | Reached skill level 6 in Maces & Flails
 15205 | Lair:1   | Reached skill level 12 in Fighting
 15341 | Lair:1   | Reached ** piety under Wu Jian
 16459 | Lair:2   | Reached XP level 12. HP: 133/133 MP: 22/22
 16534 | Lair:2   | Reached skill level 7 in Maces & Flails
 16577 | Lair:2   | You pick up a book of Rime and begin reading...
 16577 | Lair:2   | You add the spells Frozen Ramparts and Ice Form to your
                  | library.
 16611 | Lair:2   | Noticed Erica
 16629 | Lair:2   | Killed Erica
 16741 | Lair:2   | Noticed a six-headed hydra
 16764 | Lair:1   | Reached skill level 13 in Fighting
 16934 | Lair:2   | Killed a six-headed hydra
 16983 | Lair:2   | Found a staircase to the Snake Pit.
 17203 | Lair:2   | Upgraded the game from 0.29-a0-664-gff9cad4a3d to
                  | 0.29-a0-668-g12ee2bf84d
 17203 | Lair:2   | magus.rc [v1.9.6]
 17393 | Lair:2   | Noticed Maggie
 17407 | Lair:2   | Killed Maggie
 17842 | Lair:3   | Reached skill level 8 in Maces & Flails
 17970 | Lair:3   | Reached skill level 14 in Fighting
 18080 | Lair:3   | HP: 31/139 [cane toad (8)]
 18085 | Lair:3   | HP: 20/139 [poisoned by a cane toad]
 18480 | Lair:3   | Noticed Sonja
 18495 | Lair:3   | Killed Sonja
 18528 | Lair:3   | Noticed a four-headed hydra
 18559 | Lair:3   | Killed a four-headed hydra
 18560 | Lair:3   | Reached skill level 9 in Maces & Flails
 19042 | Lair:3   | Noticed a seven-headed hydra
 19052 | Lair:3   | Killed a seven-headed hydra
 19053 | Lair:3   | Reached skill level 15 in Fighting
 19559 | Lair:4   | Noticed Urug
 19605 | Lair:3   | Killed Urug
 19859 | Lair:4   | Reached XP level 13. HP: 120/150 MP: 22/23
 19985 | Lair:4   | Reached *** piety under Wu Jian
 20055 | Lair:4   | Found the +3 giant club "Skullcrusher" {speed, Str+7}
 20093 | Lair:3   | Reached skill level 10 in Maces & Flails
 20357 | Lair:4   | Reached skill level 11 in Maces & Flails
 20364 | Lair:4   | You pick up a book of Vapours and begin reading...
 20514 | Lair:4   | You fall into a shaft and drop 2 floors!
 20514 | Lair:6   | Entered Level 6 of the Lair of Beasts
 20594 | Lair:6   | Found a glowing golden altar of the Shining One.
 20761 | Lair:6   | Reached skill level 12 in Maces & Flails
 21108 | Lair:5   | Reached skill level 13 in Maces & Flails
 21287 | Lair:4   | Reached **** piety under Wu Jian
 21520 | Lair:4   | Found a staircase to the Shoals.
 21523 | Lair:4   | Reached XP level 14. HP: 159/161 MP: 24/24
 22017 | Lair:5   | Reached skill level 16 in Fighting
 22352 | Lair:5   | You pick up a book of the Dragon and begin reading...
 22352 | Lair:5   | You add the spells Dragon Form and Dragon's Call to your
                  | library.
 23159 | Lair:6   | Reached skill level 14 in Maces & Flails
 23184 | Lair:5   | Reached skill level 17 in Fighting
 23377 | Lair:6   | Identified the ring of Recklessness {Will++ Dex+6}
 23446 | Lair:6   | Found a staircase to the Slime Pits.
 24645 | Shoals:1 | Entered Level 1 of the Shoals
 24665 | Shoals:1 | Reached ***** piety under Wu Jian
 24846 | Shoals:1 | Reached skill level 18 in Fighting
 25269 | Shoals:1 | Reached skill level 15 in Maces & Flails
 25281 | Shoals:1 | Reached XP level 15. HP: 99/178 MP: 17/25
 25300 | Shoals:1 | HP: 39/178 [harpy (10)]
 25996 | Shoals:1 | Reached skill level 19 in Fighting
 26366 | Shoals:1 | Noticed a kraken
 26976 | D:11     | Found an iron altar of Okawaru.
 27597 | D:3      | Noticed Grinder
 27601 | D:3      | Killed Grinder
 27622 | D:3      | Noticed Sigmund
 27625 | D:3      | Killed Sigmund
 27909 | D:3      | Killed Newt's ghost
 28230 | D:12     | Found a staircase to the Orcish Mines.
 29434 | Orc:1    | Entered Level 1 of the Orcish Mines
 29471 | Orc:1    | Reached ****** piety under Wu Jian
 29561 | Orc:1    | Reached skill level 16 in Maces & Flails
 29952 | Orc:2    | Entered Level 2 of the Orcish Mines
 29952 | Orc:2    | Noticed an orc warlord
 29975 | Orc:1    | Killed an orc warlord
 29975 | Orc:1    | Reached skill level 20 in Fighting
 30110 | Orc:2    | Found a staircase to the Elven Halls.
 30173 | Orc:2    | Found Xasidgh's Distillery.
 30185 | Orc:2    | Bought a potion of might for 56 gold pieces
 30984 | Orc:2    | Found Nedesik's Antique Weapon Boutique.
 30984 | Orc:2    | Found Doustrag's Magic Scroll Shop.
 30987 | Orc:2    | Found Quman's Magic Scroll Boutique.
 30987 | Orc:2    | Found Fugeica's Jewellery Shop.
 31007 | Orc:2    | Bought the ring of Stoicism {rElec rN+ rCorr Str+2} for 551
                  | gold pieces
 31007 | Orc:2    | Bought the macabre finger necklace {rN+} for 520 gold
                  | pieces
 31007 | Orc:2    | Found the macabre finger necklace {rN+}
 31032 | Orc:2    | Bought a scroll of magic mapping for 45 gold pieces
 31034 | Orc:2    | Bought a scroll of magic mapping for 56 gold pieces
 31632 | Elf:1    | Entered Level 1 of the Elven Halls
 31637 | Elf:1    | Paralysed by an air elemental for 1 turns
 31646 | Elf:1    | Paralysed by an air elemental for 1 turns
 31654 | Orc:2    | Paralysed by an air elemental for 1 turns
 31965 | Elf:1    | Reached skill level 17 in Maces & Flails
 31965 | Elf:1    | Reached XP level 16. HP: 192/192 MP: 26/26
 32063 | Elf:1    | Identified Roxanne's Handbook of Stones
 32063 | Elf:1    | Noticed Roxanne
 32380 | Elf:1    | Noticed Zenata
 32616 | Elf:1    | HP: 39/192 [+2 trident of venom[Zenata] (12)]
 33037 | Elf:1    | You are cast into the Abyss!
 33037 | Elf:1    | Cast into level 2 of the Abyss (a deep elf demonologist)
 33213 | Abyss:2  | Noticed a tentacled starspawn
 33249 | Abyss:2  | Killed a tentacled starspawn
 33250 | Abyss:2  | Reached skill level 18 in Maces & Flails
 33250 | Abyss:2  | Reached skill level 1 in Throwing
 33337 | Abyss:3  | Noticed a tentacled starspawn
 33360 | Abyss:3  | Reached skill level 2 in Throwing
 33366 | Abyss:3  | Killed a tentacled starspawn
 33371 | Abyss:3  | Reached skill level 3 in Throwing
 33383 | Abyss:3  | Reached skill level 4 in Throwing
 33472 | Abyss:3  | Noticed a lich
 33554 | Abyss:3  | Noticed a tentacled starspawn
 33577 | Abyss:3  | Reached skill level 5 in Throwing
 33609 | Abyss:3  | Identified the +1 scale mail of the Sky {Contam Will+
                  | rCorr}
 33656 | Abyss:3  | Reached skill level 6 in Throwing
 33900 | Abyss:3  | Noticed a lich
 33906 | Abyss:3  | Killed a lich
 33915 | Abyss:3  | Found a corrupted altar of Lugonu.
 33942 | Abyss:3  | Reached skill level 7 in Throwing
 33969 | Abyss:3  | Noticed a profane servitor
 33982 | Abyss:3  | HP: 37/192 [profane servitor/+1 whip (14)]
 33988 | Abyss:3  | HP: 28/192 [profane servitor/+1 whip (18)]
 33991 | Elf:1    | You pass through the gate.
 33991 | Elf:1    | Escaped the Abyss
 33993 | Elf:1    | HP: 40/189 [profane servitor/+1 whip (8)]
 33999 | Elf:1    | HP: 34/189 [profane servitor/+1 whip (11)]
 34002 | Elf:1    | Noticed a Hell Sentinel
 34006 | Elf:1    | HP: 11/189 [profane servitor/+1 whip (16)]
 34007 | Elf:1    | Slain by a profane servitor

Vanquished Creatures
  A lich (Abyss:3)
  2 tentacled starspawn
  An orc warlord (Orc:1)
  2 very ugly things (Abyss:3)
  A deep elf demonologist (Elf:1)
  A lorocyproca (Abyss:2)
  A blizzard demon (Abyss:3)
  11 hydras
  A boulder beetle (D:12)
  A merfolk avatar (Lair:6)
  Erica (Lair:2)
  6 two-headed ogres
  14 death yaks
  A merfolk aquamancer (Shoals:1)
  A death knight (Abyss:3)
  4 dancing weapons
  5 orc high priests (Orc:2)
  Urug (Lair:3)
  2 thrashing horrors
  Sonja (Lair:3)
  8 large abominations (Abyss:3)
  A wretched star (Abyss:3)
  5 sea snakes
  6 starcursed masses (Abyss:3)
  7 deep elf pyromancers (Elf:1)
  4 deep elf archers (Elf:1)
  10 deep elf zephyrmancers (Elf:1)
  2 ugly things
  5 orc sorcerers
  5 harpies
  2 cyclopes (D:12)
  4 fauns (Shoals:1)
  8 manticores
  5 black mambas
  Joseph (D:10)
  Maurice (D:10)
  2 apocalypse crabs (Abyss:3)
  6 merfolk sirens (Shoals:1)
  A stone giant skeleton (Abyss:2)
  10 elephants
  2 torpor snails
  A gargoyle (D:11)
  Maggie (Lair:2)
  3 smoke demons
  17 cane toads
  3 unseen horrors
  5 rime drakes
  10 komodo dragons
  An efreet (Abyss:3)
  3 ancient zymes
  An ice devil (Abyss:2)
  7 trolls
  6 merfolk (Shoals:1)
  A hydra zombie (Abyss:2)
  6 harpy zombies (Shoals:1)
  A wind drake (Shoals:1)
  4 polar bears
  Grinder (D:3)
  3 slime creatures (D:12)
  2 hornets
  20 blink frogs
  3 raiju
  2 snapping turtles
  2 centaur simulacra (D:11)
  5 flying skulls (Abyss:3)
  2 shadows
  Sigmund (D:3)
  3 water elementals (Shoals:1)
  4 air elementals
  31 yaks
  Grum (D:10)
  A wraith (Abyss:3)
  A neqoxec (Abyss:3)
  10 wyverns
  A fire elemental (Elf:1)
  The ghost of Newt the Poker, an amateur DsAK of Lugonu (D:3)
  5 basilisks
  Menkaure (D:7)
  6 steam dragons
  2 vampire mosquitoes (D:11)
  6 wargs
  19 water moccasins
  2 meliai simulacra (D:11)
  A black bear (D:8)
  27 orc warriors
  8 ogres
  8 ice beasts
  10 wolves
  2 centaurs (D:9)
  A manticore zombie (Shoals:1)
  A phantom (D:4)
  12 bullfrogs
  3 gnoll sergeants
  10 kobold brigands
  2 necrophages
  An earth elemental (Elf:1)
  3 scorpions
  5 wights (D:7)
  12 killer bees
  4 jellies
  3 howler monkeys (D:9)
  5 electric eels
  21 orc priests
  2 hounds (D:5)
  An iron imp (Abyss:3)
  3 iguanas
  34 orc wizards
  5 hell rats
  4 small abominations (Abyss:3)
  21 gnolls
  9 adders
  2 shadow imps
  5 white imps
  An ufetubus (D:5)
  A worm (D:3)
  5 dart slugs
  55 orcs
  2 endoplasms (D:3)
  4 giant cockroaches
  3 hobgoblins
  2 jackals (D:2)
  4 quokkas
  4 ball pythons
  2 bats (D:2)
  A frilled lizard (D:2)
  6 goblins
  13 kobolds
  6 rats
  A butterfly (Lair:2)
  2 lurking horrors (Abyss:2)
695 creatures vanquished.

Vanquished Creatures (others)
  A deep elf pyromancer (Elf:1)
  A bullfrog (D:9)
  An orc priest (Orc:2)
  An ufetubus (Abyss:2)
  49 fungi
  136 plants
  8 starspawn tentacles
197 creatures vanquished.

Grand Total: 892 creatures vanquished

Table legend:
 A = Non-vault XP
 B = Vault XP
 C = Vault XP percentage of total XP
 D = Non-vault monster count
 E = Vault monster count
 F = Vault count percentage of total count
                 A         B        C        D         E       F
            +---------+---------+-------+---------+---------+-------
      Total |  131574 |   36993 |  21.9 |     528 |     166 |  23.9
            +---------+---------+-------+---------+---------+-------
        D:1 |      11 |       0 |   0.0 |       7 |       0 |   0.0
        D:2 |     115 |       1 |   0.9 |      15 |       1 |   6.2
        D:3 |     151 |     707 |  82.4 |      21 |       9 |  30.0
        D:4 |     473 |       0 |   0.0 |      16 |       0 |   0.0
        D:5 |     648 |       0 |   0.0 |      18 |       0 |   0.0
        D:6 |     715 |       0 |   0.0 |      16 |       0 |   0.0
        D:7 |    1328 |     183 |  12.1 |      23 |       1 |   4.2
        D:8 |    2350 |       0 |   0.0 |      21 |       0 |   0.0
        D:9 |    1002 |    1522 |  60.3 |      22 |      12 |  35.3
       D:10 |    1464 |    2549 |  63.5 |       9 |       9 |  50.0
       D:11 |    3330 |    3391 |  50.5 |      12 |      19 |  61.3
       D:12 |    6747 |     731 |   9.8 |      27 |       9 |  25.0
     Lair:1 |    2501 |    1479 |  37.2 |      11 |       7 |  38.9
     Lair:2 |    3637 |    1248 |  25.5 |      14 |       2 |  12.5
     Lair:3 |    7855 |    1581 |  16.8 |      24 |       2 |   7.7
     Lair:4 |   10399 |       0 |   0.0 |      32 |       0 |   0.0
     Lair:5 |   12598 |       0 |   0.0 |      31 |       0 |   0.0
     Lair:6 |   14579 |    7632 |  34.4 |      36 |      20 |  35.7
   Shoals:1 |   16283 |    2019 |  11.0 |      34 |       7 |  17.1
      Orc:1 |    4796 |       0 |   0.0 |      29 |       0 |   0.0
      Orc:2 |    4259 |    5869 |  57.9 |      35 |      46 |  56.8
      Elf:1 |   14175 |    2844 |  16.7 |      23 |       6 |  20.7
    Abyss:2 |    6593 |       0 |   0.0 |      11 |       0 |   0.0
    Abyss:3 |   15565 |    5237 |  25.2 |      41 |      16 |  28.1
            +---------+---------+-------+---------+---------+-------

Illustrated notes

Table legend:
 A = Kills in this place as a percentage of kills in entire the game.
 B = Kills by you in this place as a percentage of kills by you in the entire game.
 C = Kills by friends in this place as a percentage of kills by friends in the entire game.
 D = Other kills in this place as a percentage of other kills in the entire game.
 E = Experience gained in this place as a percentage of experience gained in the entire game.
 F = Experience gained in this place divided by the number of levels of this place that you have seen.
                   A       B       C       D       E      F
               +-------+-------+-------+-------+-------+----------------------
         Total | 100.0 | 100.0 |   N/A | 100.0 | 100.0 | 6742.7
       Dungeon |  38.5 |  38.4 |   N/A |  50.0 |  16.3 | 2284.8
          Lair |  25.8 |  25.9 |   N/A |   0.0 |  37.7 | 10584.8
        Shoals |   5.9 |   5.9 |   N/A |   0.0 |  10.9 | 18302.0
  Orcish Mines |  15.9 |  15.8 |   N/A |  50.0 |   8.9 | 7462.0
   Elven Halls |   4.2 |   4.2 |   N/A |   0.0 |  10.1 | 17019.0
         Abyss |   9.8 |   9.8 |   N/A |   0.0 |  16.3 | 13697.5
               +-------+-------+-------+-------+-------+----------------------

Table legend: (Time is in decaauts)
 A = Elapsed time spent in this place.
 B = Non-inter-level travel time spent in this place.
 C = Inter-level travel time spent in this place.
 D = Time resting spent in this place.
 E = Time spent auto-exploring this place.
 F = Levels seen in this place.
 G = Mean time per level.
                   A        B        C        D        E       F      G
               +--------+--------+--------+--------+--------+-----+--------+
         Total |  34034 |  31785 |   2249 |  10206 |   9947 |  25 | 1361.4 |
       Dungeon |  17248 |  15826 |   1422 |   4712 |   6901 |  12 | 1437.3 |
        Temple |    353 |    283 |     70 |    207 |     58 |   1 |  353.0 |
          Lair |  10219 |   9574 |    645 |   3184 |   2030 |   6 | 1703.2 |
        Shoals |   1819 |   1817 |      2 |    739 |    231 |   1 | 1819.0 |
  Orcish Mines |   2461 |   2360 |    101 |    874 |    725 |   2 | 1230.5 |
   Elven Halls |   1059 |   1052 |      7 |    298 |      0 |   1 | 1059.0 |
         Abyss |    872 |    872 |      0 |    192 |      0 |   2 |  436.0 |
               +--------+--------+--------+--------+--------+-----+--------+

Top non-repeatable levels by time:
  Lair:3: 2073 daAuts
  Lair:1: 1978 daAuts
     D:5: 1959 daAuts
  Lair:6: 1830 daAuts
Shoals:1: 1819 daAuts
    D:10: 1770 daAuts
     D:8: 1752 daAuts
     D:9: 1684 daAuts
  Lair:5: 1675 daAuts
    D:11: 1623 daAuts
   Orc:2: 1555 daAuts
  Lair:2: 1548 daAuts
     D:3: 1507 daAuts
     D:7: 1297 daAuts
     D:2: 1283 daAuts
